Map: Lightshade LE

Players

HeroMarine

  • Race: Terran Terran
  • Spawn Location: 11:00

INnoVation - Winner!

  • Race: Terran Terran
  • Spawn Location: 5:00

VOD

Have the link to the VOD?

Description

Time

  • Played on: Jan. 14, 2021, 9:44 a.m.
  • Length: 8:08
Show
View Real Time Build Order
Export as new Build Order

HeroMarine Terran 

Build Orders:  

Get SALT Encoding   

  12  0:00  SCV  
  13  0:12  SCV  
  14  0:17  Supply Depot  
  14  0:24  SCV  
  15  0:39  SCV  
  15  0:40  Barracks  
  16  0:43  Refinery  
  16  0:51  SCV  
  16  0:52  Refinery  
  17  1:03  SCV  
  18  1:15  SCV  
  19  1:28  Orbital Command, Reaper  
  19  1:29  Supply Depot  
  20  1:40  Factory  
  20  1:53  SCV  
  21  2:00  Reaper  
  22  2:05  SCV  
  23  2:15  Command Center  
  23  2:19  SCV  
  24  2:24  Hellion  
  24  2:29  Supply Depot  
  26  2:32  SCV  
  26  2:34  Barracks Reactor  
  27  2:44  SCV  
  28  2:46  Widow Mine  
  28  2:49  Starport  
  30  2:56  SCV  
  31  3:07  Factory Tech Lab  
  31  3:08  SCV  
  31  3:11  Marine x2  
  34  3:14  Refinery  
  34  3:20  SCV  
  34  3:25  Starport Tech Lab  
  34  3:26  Cyclone  
  38  3:29  Orbital Command  
  38  3:32  SCV  
  39  3:35  Marine x2  
  41  3:44  SCV  
  41  3:45  Banshee  
  45  3:50  Supply Depot  
  45  3:58  Siege Tank  
  45  3:59  Marine  
  49  4:03  Marine  
  49  4:06  SCV x2  
  52  4:17  Marine  
  52  4:18  SCV x2  
  52  4:21  Marine  
  56  4:28  Raven  
  56  4:30  SCV x2  
  60  4:33  Siege Tank  
  59  4:40  Marine  
  59  4:41  Marine  
  59  4:42  Supply Depot, SCV  
  62  4:47  Supply Depot  
  62  5:04  SCV x2  
  66  5:08  Command Center  
  66  5:09  Siege Tank  
  67  5:16  SCV x2  
  69  5:25  Viking  
  69  5:26  Stimpack, Viking  
  73  5:28  SCV x2  
  73  5:29  Marine  
  73  5:32  Supply Depot  
  76  5:40  SCV x2  
  78  5:54  Barracks, Siege Tank, SCV x2  
  78  5:55  Barracks  
  80  5:59  Viking x2  
  82  6:04  Marine  
  82  6:06  SCV x2  
  85  6:15  Engineering Bay x2  
  85  6:18  SCV  
  86  6:20  SCV  
  86  6:22  Orbital Command, Refinery  
  86  6:25  Marine  
  87  6:29  Siege Tank  
  87  6:30  SCV  
  87  6:32  SCV, Viking  
  92  6:36  Viking  
  94  6:43  Marine  
  95  6:49  Barracks Reactor x2  
  95  6:50  Barracks  
  95  6:51  Barracks  
  95  6:57  Missile Turret, SCV  
  95  6:58  SCV  
  95  7:00  Missile Turret  
  95  7:01  Marine  
  97  7:03  Siege Tank  
  101  7:16  SCV x3  
  101  7:19  Marine  
  98  7:37  Supply Depot  
  98  7:38  Barracks Reactor x2, Supply Depot  
  98  7:40  Supply Depot  
  96  7:56  SCV x3  
Show
View Real Time Build Order
Export as new Build Order

INnoVation Terran - Winner!

Build Orders:  

Get SALT Encoding   

  12  0:00  SCV  
  13  0:12  SCV  
  14  0:17  Supply Depot  
  14  0:24  SCV  
  15  0:38  SCV  
  15  0:40  Barracks  
  16  0:43  Refinery  
  16  0:50  SCV  
  16  0:53  Refinery  
  17  1:02  SCV  
  18  1:14  SCV  
  19  1:27  Orbital Command, Reaper  
  19  1:28  Supply Depot  
  20  1:41  Factory  
  20  1:53  SCV  
  21  1:59  Reaper  
  22  2:05  SCV  
  23  2:16  Command Center  
  23  2:18  SCV  
  24  2:25  Hellion  
  26  2:30  SCV  
  26  2:32  Barracks Reactor  
  26  2:36  Supply Depot  
  27  2:42  SCV  
  28  2:48  Starport  
  28  2:50  Factory Tech Lab  
  28  2:55  SCV  
  29  3:07  SCV  
  29  3:08  Siege Tank  
  29  3:09  Marine  
  34  3:15  Refinery  
  34  3:19  SCV  
  35  3:24  Medivac  
  37  3:28  Orbital Command  
  37  3:31  SCV  
  37  3:33  Marine  
  39  3:34  Marine  
  40  3:43  Cyclone  
  43  3:49  SCV  
  43  3:50  Marine  
  43  3:52  Marine  
  46  3:55  Starport Tech Lab  
  46  3:58  SCV  
  46  4:01  Supply Depot, SCV  
  48  4:08  Marine  
  49  4:10  Marine  
  49  4:13  Raven  
  49  4:14  SCV  
  49  4:15  SCV  
  54  4:22  Siege Tank  
  57  4:27  SCV x2  
  57  4:28  Marine x2  
  61  4:31  Supply Depot  
  57  4:40  SCV x2  
  59  4:46  Supply Depot  
  59  4:48  Marine x2  
  59  4:52  SCV  
  62  4:53  SCV  
  62  4:56  Supply Depot, Raven  
  65  5:00  Siege Tank  
  65  5:04  SCV  
  65  5:05  SCV  
  70  5:07  Marine x2  
  70  5:08  Supply Depot  
  72  5:16  SCV  
  72  5:17  SCV  
  74  5:25  Marine x2  
  76  5:31  SCV x2  
  76  5:32  Command Center  
  78  5:36  Siege Tank  
  78  5:39  Supply Depot  
  78  5:41  Refinery  
  81  5:49  SCV x2  
  83  5:51  Viking x2  
  83  5:55  Marine  
  87  5:58  Stimpack  
  87  6:01  SCV x2  
  89  6:08  Supply Depot  
  86  6:12  Marine  
  86  6:15  SCV x2  
  89  6:20  Viking  
  89  6:21  Viking  
  89  6:22  Siege Tank  
  95  6:27  Supply Depot  
  95  6:32  SCV  
  96  6:35  Marine  
  97  6:45  SCV x2  
  99  6:49  Barracks  
  99  6:50  Barracks  
  99  6:51  Orbital Command  
  99  6:52  Viking  
  100  6:55  Viking  
  100  6:59  SCV x2  
  103  7:03  Siege Tank  
  105  7:14  SCV  
  105  7:15  Engineering Bay x2, SCV  
  107  7:17  Orbital Command  
  107  7:24  Viking  
  107  7:25  Viking  
  111  7:30  SCV x2  
  111  7:36  Siege Tank  
  114  7:41  Barracks Reactor  
  114  7:42  Barracks Reactor  
  104  7:55  SCV x2  
Tags
 
Add a new tag
Caveats
  • Supply blocks, unpowered buildings, or Contaminate may cause inaccurate times.
  • Supply counts are checked every 10 seconds.